Map: Dusty Gorge

Players

DLGSCVI

  • Race: Protoss Protoss
  • Spawn Location: 11:00

DLGSCV

  • Race: Protoss Protoss
  • Spawn Location: 9:00

MonstroTown - Winner!

  • Race: Terran Terran
  • Spawn Location: 3:00

Michael - Winner!

  • Race: Zerg Zerg
  • League: Gold
  • Spawn Location: 5:00

VOD

Have the link to the VOD?

Description

Time

  • Played on: Sept. 16, 2018, 12:55 a.m.
  • Length: 15:27
Show
View Real Time Build Order
Export as new Build Order

DLGSCVI Protoss 

Build Orders: Cannon Rush 

Get SALT Encoding   

  12  0:05  Probe  
  13  0:16  Probe  
  13  0:17  Pylon  
  14  0:25  Probe  
  15  0:39  Forge  
  15  0:55  Pylon  
  15  1:01  Pylon  
  15  1:08  Pylon  
  15  1:11  Pylon  
  15  1:20  Pylon  
  15  1:27  Photon Cannon  
  15  1:32  Photon Cannon  
  15  1:41  Photon Cannon  
  15  1:51  Photon Cannon  
  15  1:58  Pylon  
  14  2:27  Gateway  
  14  2:29  Photon Cannon  
  14  2:33  Pylon  
  14  3:05  Probe  
  14  3:07  Pylon  
  15  3:13  Probe  
  16  3:35  Cybernetics Core  
  16  3:39  Assimilator  
  16  3:44  Assimilator  
  16  3:45  Nexus  
  16  4:08  Warp Gate, Gateway  
  16  4:12  Gateway  
  16  4:31  Probe  
  16  4:39  Adept  
  16  4:43  Probe  
  17  4:47  Gateway  
  19  5:08  Nexus  
  18  5:30  Probe  
  18  5:32  Gateway  
  19  5:43  Probe  
  20  5:58  Probe  
  21  6:10  Probe  
  22  6:25  Adept x2  
  26  6:27  Adept  
  28  6:37  Sentry x2  
  28  6:38  Pylon  
  32  7:07  Probe x2  
  34  7:12  Pylon  
  34  7:19  Probe  
  35  7:29  Pylon  
  35  7:42  Sentry x5  
  45  8:01  Robotics Facility  
  45  8:08  Probe  
  45  8:09  Probe  
  47  8:16  Probe  
  47  8:18  Probe  
  47  8:26  Probe  
  50  8:57  Stalker x3  
  37  9:24  Stalker x3  
  37  9:25  Stalker x2  
  47  9:39  Probe x2  
  49  9:51  Probe  
  50  10:04  Warp Prism  
  52  10:14  Assimilator  
  52  10:18  Assimilator  
  52  10:20  Gateway  
  52  10:23  Gateway  
  52  10:40  Nexus  
  52  10:46  Pylon  
  52  11:01  Probe x2  
  54  11:11  Zealot x3  
  60  11:27  Zealot  
  60  11:28  Zealot  
  44  11:50  Stalker x5  
  52  11:59  Twilight Council  
  44  12:12  Stalker  
  44  12:13  Stalker  
  48  12:18  Protoss Ground Weapons Level 1  
  48  12:24  Pylon  
  38  13:00  Zealot x4  
  46  13:20  Templar Archives  
  46  13:22  Assimilator  
  46  13:26  Assimilator  
  46  13:29  Zealot  
  46  13:30  Zealot x2  
  50  13:59  Zealot x2  
  50  14:00  Zealot  
  54  14:10  Zealot x3  
  54  14:11  Zealot  
  60  14:28  Zealot x3  
  51  14:38  High Templar x2  
  51  14:39  High Templar x2  
  54  14:45  Photon Cannon  
  54  14:47  Pylon  
  49  15:00  Archon x2  
Show
View Real Time Build Order
Export as new Build Order

DLGSCV Protoss 

Build Orders: Zealot Archon 

Get SALT Encoding   

  12  0:01  Probe  
  13  0:16  Pylon  
  13  0:20  Probe  
  14  0:32  Probe  
  15  0:38  Gateway  
  15  0:45  Assimilator  
  15  0:47  Probe  
  16  1:00  Probe  
  16  1:02  Assimilator  
  17  1:13  Probe  
  18  1:25  Probe  
  19  1:34  Cybernetics Core  
  19  1:36  Pylon  
  19  1:37  Probe  
  20  1:44  Zealot  
  22  2:01  Pylon  
  22  2:04  Probe  
  23  2:12  Twilight Council  
  23  2:17  Probe  
  23  2:20  Stalker  
  24  2:29  Probe  
  27  2:41  Probe  
  27  2:43  Pylon  
  28  2:53  Probe  
  27  3:05  Warp Gate  
  27  3:07  Probe  
  27  3:11  Stalker, Pylon  
  28  3:14  Pylon  
  28  3:19  Probe  
  31  3:35  Gateway  
  31  3:37  Gateway  
  31  3:38  Pylon  
  31  4:02  Dark Shrine  
  30  4:27  Zealot x3  
  36  4:38  Nexus  
  36  4:39  Pylon  
  34  4:52  Charge  
  34  5:11  Nexus  
  34  5:14  Nexus  
  34  5:29  Dark Templar  
  34  5:30  Dark Templar x2  
  40  5:38  Probe  
  41  5:50  Probe  
  42  6:02  Probe  
  42  6:04  Stalker x2  
  45  6:05  Zealot  
  43  6:29  Assimilator  
  43  6:30  Assimilator  
  43  6:32  Pylon  
  43  6:37  Stalker  
  43  6:38  Stalker x2  
  49  6:49  Probe  
  49  6:50  Probe x2  
  52  7:01  Probe  
  52  7:03  Dark Templar x2  
  52  7:06  Zealot  
  52  7:08  Archon  
  59  7:16  Probe  
  59  7:17  Probe x2  
  62  7:28  Probe  
  62  7:29  Dark Templar  
  65  7:36  Dark Templar x2  
  69  7:39  Gateway  
  69  7:40  Shield Battery  
  69  7:44  Gateway  
  69  7:46  Pylon  
  69  7:49  Archon  
  69  8:02  Zealot  
  39  9:50  Nexus  
  39  9:52  Pylon  
  39  9:53  Zealot x5, Assimilator  
  39  9:56  Assimilator  
  39  9:58  Pylon  
  49  10:01  Pylon x2  
  49  10:05  Probe x2  
  51  10:17  Probe x2  
  53  10:25  Zealot x4, Nexus, Pylon  
  53  10:26  Zealot  
  63  10:29  Probe x2  
  65  10:43  Dark Templar x5  
  75  11:10  Zealot x3  
  75  11:11  Zealot x2  
  49  11:49  Dark Templar x4  
  49  11:50  Dark Templar  
  59  11:58  Assimilator  
  57  12:02  Assimilator  
  57  12:06  Gateway x2  
  57  12:09  Gateway  
  57  12:17  Forge  
  57  12:19  Forge  
  57  12:21  Forge  
  57  12:24  Sentry x4  
  54  13:14  Sentry x5  
  8  14:39  Pylon  
Show
View Real Time Build Order
Export as new Build Order

MonstroTown Terran - Winner!

Build Orders: MMM Bio 

Get SALT Encoding   

  12  0:01  SCV  
  13  0:13  SCV  
  14  0:18  Supply Depot  
  14  0:25  SCV  
  15  0:40  SCV  
  15  0:41  Barracks  
  16  0:47  Refinery  
  16  1:40  Orbital Command  
  16  1:41  Marine  
  16  1:46  Barracks  
  16  2:17  Orbital Command  
  14  2:28  Barracks Reactor  
  12  2:33  Marine  
  13  2:50  SCV  
  13  2:51  Marine  
  15  3:06  Marine x2  
  15  3:08  Marine  
  15  3:11  Refinery x2  
  18  3:24  Barracks  
  18  3:25  Marine x2  
  20  3:32  Marine  
  21  3:44  Marine x2  
  20  4:02  Barracks Tech Lab  
  20  4:07  Command Center  
  20  4:11  Supply Depot  
  20  4:17  Marine  
  20  4:23  SCV  
  22  4:36  Marine x2  
  22  4:37  Supply Depot  
  24  4:48  Marine  
  25  5:01  SCV  
  25  5:02  Marine  
  25  5:03  Marine  
  27  5:09  Combat Shields  
  27  5:13  SCV  
  28  5:14  Barracks Reactor  
  28  5:24  Orbital Command  
  28  5:26  SCV  
  29  5:38  SCV  
  30  5:45  Factory  
  30  6:00  Engineering Bay, Marine  
  31  6:14  Marauder  
  31  6:17  SCV x2  
  35  6:21  Marine  
  36  6:35  Factory Tech Lab  
  36  6:36  Supply Depot  
  36  6:40  Terran Infantry Weapons Level 1  
  36  6:41  Starport  
  36  6:42  Stimpack  
  36  6:46  Marine x4  
  39  6:47  Marine  
  39  6:51  SCV  
  39  6:52  SCV  
  43  7:08  Missile Turret, Supply Depot, Marine  
  44  7:12  Marine x2  
  46  7:20  Marauder  
  48  7:39  Marine  
  49  7:46  Marine  
  49  7:47  Marine x2  
  49  7:48  Siege Tank, Medivac  
  49  7:49  Marauder  
  59  7:52  SCV  
  59  7:53  SCV  
  61  8:05  SCV  
  62  8:10  Marine x4  
  57  8:35  Marine x3  
  57  8:36  Marine  
  58  8:46  Marine  
  46  8:53  Marine x2  
  41  8:55  Starport Reactor  
  41  9:00  Barracks  
  41  9:01  Engineering Bay, Barracks  
  41  9:08  Siege Tank  
  35  9:25  Marine x2  
  34  9:49  Marine  
  34  9:50  Marine x4  
  36  9:54  SCV x2  
  36  9:59  Barracks Tech Lab, Barracks Reactor  
  37  10:02  Siege Tank  
  37  10:03  Concussive Shells  
  37  10:06  SCV  
  41  10:07  Marine  
  42  10:16  Medivac  
  42  10:17  Medivac  
  46  10:24  Refinery  
  46  10:30  SCV x2  
  48  10:40  Barracks  
  48  10:41  Barracks  
  48  10:42  SCV  
  49  10:48  Marine  
  49  10:49  Marine x6  
  55  10:50  Marine  
  55  10:53  Supply Depot  
  55  10:55  Armory  
  57  10:57  Terran Infantry Armor Level 1  
  57  11:02  Medivac  
  59  11:06  Marine x2  
  59  11:08  Marauder x2  
  44  11:38  Orbital Command  
  34  12:05  Marine x4  
  34  12:07  Viking x2  
  42  12:09  SCV  
  42  12:10  SCV  
  42  12:12  Terran Infantry Weapons Level 2  
  44  12:18  Marine x2  
  44  12:19  Marine  
  47  12:26  Marine  
  48  12:33  Marine x2  
  48  12:36  SCV  
  51  12:37  Viking  
  53  12:54  SCV  
  54  13:22  Command Center  
  54  13:29  Marine x2  
  54  13:30  Marine x2  
  54  13:32  Marine  
  54  13:33  Marine  
  54  13:35  Marine  
  54  13:36  Marine  
  54  13:38  Marine  
  54  13:39  Marine  
  53  13:46  Marine  
  53  13:47  Marine  
  51  14:19  Marine x3  
  54  14:37  Marine  
Show
View Real Time Build Order
Export as new Build Order

Michael Zerg - Winner!

Build Orders: Hatch First 

Get SALT Encoding   

  12  0:01  Drone  
  13  0:13  Overlord  
  13  0:18  Drone  
  14  0:31  Drone x2  
  14  0:35  Drone  
  17  0:45  Drone  
  18  0:58  Hatchery  
  18  1:00  Drone  
  18  1:10  Drone  
  19  1:12  Extractor  
  18  1:19  Spawning Pool  
  18  1:22  Drone  
  18  1:28  Drone  
  19  1:40  Drone  
  20  1:49  Overlord  
  20  2:16  Queen  
  20  2:17  Queen  
  20  2:18  Zergling x2  
  20  2:19  Zergling x4  
  27  2:24  Zergling x4  
  29  2:31  Zergling x2  
  29  2:36  Metabolic Boost  
  30  2:42  Roach Warren  
  30  2:43  Evolution Chamber  
  28  2:44  Extractor, Drone  
  27  3:01  Drone  
  27  3:02  Drone x3  
  31  3:09  Drone  
  32  3:13  Zerg Ground Armor Level 1  
  32  3:23  Queen  
  34  3:29  Overlord  
  34  3:33  Drone  
  33  3:51  Drone x2  
  33  3:52  Drone x5  
  39  3:58  Queen  
  41  4:07  Lair  
  41  4:16  Zergling x4  
  43  4:54  Hatchery  
  42  5:08  Zerg Missile Weapons Level 1  
  42  5:16  Glial Reconstitution  
  42  5:21  Drone  
  42  5:23  Overlord x5  
  43  5:42  Drone x2  
  45  5:44  Drone  
  45  5:45  Drone x6  
  45  5:46  Drone  
  45  5:48  Extractor  
  52  5:50  Extractor  
  52  5:51  Overseer x2  
  52  5:52  Overseer  
  52  5:55  Zergling x20  
  61  5:58  Zergling x2  
  53  6:35  Queen  
  55  6:47  Drone x2  
  55  6:48  Drone  
  55  6:49  Drone x2  
  55  6:53  Drone x11  
  71  6:58  Queen  
  71  7:00  Queen  
  75  7:01  Zerg Ground Armor Level 2  
  75  7:11  Spire  
  75  7:15  Spore Crawler  
  73  7:18  Drone x5  
  78  7:22  Queen  
  80  7:37  Hydralisk Den  
  79  7:51  Spore Crawler  
  79  7:52  Spore Crawler  
  79  7:53  Spore Crawler  
  79  7:55  Spine Crawler  
  79  7:56  Drone x6, Spine Crawler x2  
  79  7:59  Extractor  
  79  8:00  Drone x3  
  79  8:01  Extractor  
  79  8:02  Drone  
  79  8:03  Drone x2  
  83  8:11  Roach x3  
  83  8:12  Overlord x3  
  80  8:41  Roach x11  
  97  8:48  Zergling x4  
  103  9:00  Muscular Augments  
  103  9:04  Overlord x3  
  103  9:06  Roach x2  
  103  9:07  Roach  
  109  9:16  Roach  
  112  9:17  Zerg Missile Weapons Level 2, Roach  
  105  9:27  Hydralisk x10  
  125  9:44  Overlord x2  
  125  9:45  Overlord x3  
  125  9:50  Overlord x2  
  125  10:01  Overlord x3  
  125  10:05  Hydralisk  
  125  10:06  Hydralisk  
  129  10:08  Hydralisk x3  
  129  10:10  Hydralisk  
  129  10:12  Grooved Spines  
  129  10:13  Zergling x2  
  138  10:26  Hydralisk x3  
  138  10:27  Hydralisk x2  
  138  10:28  Hydralisk  
  148  10:31  Overlord  
  148  10:33  Overlord  
  150  10:37  Overlord  
  150  10:39  Overlord  
  150  10:47  Hydralisk  
  150  10:48  Hydralisk x2  
  150  10:49  Hydralisk  
  158  10:51  Hydralisk  
  158  10:54  Zergling x2  
  158  10:55  Zergling x2  
  158  10:56  Zergling x2  
  163  11:03  Infestation Pit  
  162  11:23  Hydralisk  
  162  11:24  Hydralisk x8  
  169  11:49  Hydralisk x2  
  169  11:50  Hydralisk x8  
  189  12:01  Hydralisk x2  
  188  12:06  Zergling x2  
  188  12:07  Overlord x3  
  193  12:28  Hatchery  
  166  12:54  Hydralisk x14  
  166  12:57  Overseer x3  
  193  13:01  Roach  
  193  13:02  Roach  
  197  13:22  Hatchery  
  194  13:30  Overseer  
  183  13:59  Hydralisk x8  
  183  14:01  Zergling x2  
  198  14:08  Spine Crawler  
  192  14:10  Spine Crawler  
  192  14:11  Spore Crawler  
  169  14:31  Hydralisk x6  
  169  14:34  Queen  
  169  14:38  Queen  
  183  14:40  Drone x3  
  188  14:48  Zergling x10  
Tags
 
Add a new tag
Caveats
  • Supply blocks, unpowered buildings, or Contaminate may cause inaccurate times.
  • Supply counts are checked every 10 seconds.